 Dungeon Crawl Stone Soup version 0.32-a0-909-gc671339a80 (webtiles) character file.

Game seed: 2970292323921647041

8428 Twinkles the Mimic (level 11, 0/88 HPs)
             Began as an Octopode Shapeshifter on Apr 6, 2024.
             Was a Priest of Wu Jian.
             Slain by a wolf spider (18 damage)
             ... on level 10 of the Dungeon.
             The game lasted 00:53:37 (11769 turns).

Twinkles the Mimic (Octopode Shapeshifter)         Turns: 11769, Time: 00:53:37

Health: 0/88       AC: 12    Str: 22    XL:     11   Next: 30%
Magic:  11/11      EV: 11    Int: 14    God:    Wu Jian [***...]
Gold:   517        SH:  0    Dex: 11    Spells: 10/10 levels left

rFire   . . .        s - melded +1 dagger (elec)
rCold   . . .        (shield currently unavailable)
rNeg    . . .        o - melded +2 hat
rPois   +            A - amulet of faith
rElec   .            y - +4 ring of protection
rCorr   .            (no ring)
SInv    .            (no ring)
Will    .....        (no ring)
Stlth   ++           (no ring)
HPRegen 0.34/turn    (no ring)
MPRegen 0.12/turn    (no ring)
                     (no ring)

%: faith
@: snake-form
A: constrict, boosted hp, almost no armour, amphibious, 8 rings, large,
(camouflage 1), (gelatinous body 1), (nimble swimmer 1), (tentacles)
a: Begin Untransformation, Renounce Religion, Wall Jump, Serpent's Lash


You were on level 10 of the Dungeon.
You worshipped Wu Jian.
Wu Jian was most pleased with you.
You were an enormous serpent.
You visited 3 branches of the dungeon, and saw 13 of its levels.
You also visited: Bailey.

You collected 517 gold pieces.

Inventory:

Hand Weapons
 e - a +3 trident
 g - a +0 dagger of draining
 s - a +1 dagger of electrocution (melded)
 t - a +0 flail of holy wrath
Missiles
 n - 15 poisoned darts (quivered)
 p - 2 curare-tipped darts
Armour
 o - a +2 hat (melded)
 C - a +0 buckler
Jewellery
 y - a +4 ring of protection (left tentacle)
 A - an amulet of faith (around neck)
 F - an amulet of magic regeneration
Talismans
 b - a beast talisman
 c - a flux talisman
 k - a serpent talisman (active)
Wands
 h - a wand of quicksilver (8)
 q - a wand of flame (36)
 x - a wand of roots (1)
Scrolls
 a - 2 scrolls of enchant armour
 d - 3 scrolls of noise {unknown}
 f - a scroll of amnesia {unknown}
 i - 2 scrolls of silence {unknown}
 j - 3 scrolls of enchant weapon {unknown}
 l - 4 scrolls of poison {unknown}
 m - 2 scrolls of blinking {unknown}
 r - a scroll of fog {unknown}
 u - 2 scrolls of vulnerability {unknown}
 K - 3 scrolls of immolation
 Y - 3 scrolls of teleportation
Potions
 v - a potion of attraction {unknown}
 w - a potion of heal wounds {unknown}
 z - a potion of berserk rage {unknown}
 B - a potion of brilliance
 D - a potion of enlightenment
 E - a potion of ambrosia {unknown}
 J - a potion of curing
 P - 4 potions of lignification
 R - a potion of resistance
 U - a potion of mutation


   Skills:
 + Level 8.6 Fighting
 + Level 7.5 Dodging
 - Level 4.0 Stealth
 + Level 9.1 Unarmed Combat
 * Level 9.4 Shapeshifting


You had 10 spell levels left.
You didn't know any spells.
Your spell library contained the following spells:

 Spells                   Type           Power      Damage    Failure   Level
 Magic Dart               Conj           0%         1d3       28%         1
 Necrotise                Necr           0%         1d4       28%         1
 Searing Ray              Conj           0%         2d4       41%         2
 Inner Flame              Hex/Fire       0%         N/A       65%         3
 Vampiric Draining        Necr           0%         2d6       65%         3
 Flame Wave               Conj/Fire      0%         2d4       96%         4
 Fulminant Prism          Conj/Alch      0%         3d5       96%         4
 Martyr's Knell           Necr/Summ      0%         N/A       96%         4
 Sticky Flame             Fire/Alch      0%         2d4       96%         4
 Curse of Agony           Necr           0%         N/A       100%        5
 Summon Forest            Summ/Tloc      0%         N/A       100%        5
 Summon Mana Viper        Hex/Summ       0%         N/A       100%        5
 Summon Cactus Giant      Summ           0%         N/A       100%        6


Dungeon Overview and Level Annotations

Branches:
Dungeon (11/15) Zot: 26682  Temple (1/1) D:6 Zot: 5978    Lair (1/5) D:10 Zot: 5868
    Orc (0/2) D:10         Bailey (visited)

Altars:
Ashenzari
Cheibriados
Dithmenos
Elyvilon
Fedhas
Gozag
Hepliaklqana
Kikubaaqudgha
Makhleb
Nemelex Xobeh
Okawaru
Qazlal
Ru
Sif Muna
Trog
Uskayaw
Vehumet
Wu Jian
Xom
Yredelemnul
Zin
The Shining One

Shops:
D:1 =   D:6 *

Annotations:
D:6 exclusions: acid dragon, 2 black bears and 3 yaks
D:7 Jeremiah
D:8 1 transporter, exclusion: centaur warrior, Grum
D:10 4 runed translucent doors, exclusion: 4 doors


Innate Abilities, Weirdness & Mutations

You are an enormous serpent.
You have a powerful constriction melee attack.
Your maximum health is increased.
Your armour is entirely melded.
You are incapable of wielding weapons or throwing items.
You cannot wear most types of armour.
You are amphibious.
You can wear up to eight rings at the same time.
((Your skin changes colour to match your surroundings (Stealth+).))
((Your rubbery body absorbs attacks. (AC +1, EV +1)))
((You are camouflaged when in or above water. (Stealth+)))
((You have tentacles for arms and can constrict up to eight enemies at once.))


Message History

A wolf spider comes into view.
The wolf spider's many legs skitter.
You climb upwards.
Welcome back to the Dungeon!
Level annotation: 4 runed translucent doors, exclusion: 4 doors
There is a staircase to the Lair here.
You start resting.
HP restored.
As you read the scroll of identify, it crumbles to dust.
D - a potion of enlightenment You climb downwards.
Welcome back to the Lair of Beasts!
The wolf spider hits you.
The wolf spider bites you but does no damage.
The wolf spider closely misses you.
The wolf spider bites you but does no damage.
There is a staircase back to the Dungeon, spattered with blood here.
The wolf spider hits you. The wolf spider bites you. The wolf spider hits you!
The wolf spider bites you.
You climb upwards.
Welcome back to the Dungeon!
Level annotation: 4 runed translucent doors, exclusion: 4 doors
There is a staircase to the Lair here.
You hit the wolf spider but do no damage.
Your grab misses the wolf spider. The wolf spider hits you!
The wolf spider bites you but does no damage.
You barely miss the wolf spider. You grab the wolf spider.
You constrict the wolf spider. The wolf spider hits you!
The wolf spider misses you.
You body-slam the wolf spider!!
The wolf spider is moderately wounded.
You constrict the wolf spider.
The wolf spider hits you but does no damage.
The wolf spider bites you!
Okay, then.
Unknown command.
You hit the wolf spider.
The wolf spider is heavily wounded.
You constrict the wolf spider. The wolf spider hits you!
* * * LOW HITPOINT WARNING * * *
The wolf spider bites you but does no damage.
The wolf spider hits you!!
You die...

#.# ##.......##............# #
..###.........##.......[...#
)..........................## ###
...............###..........###.#
.....#......#...≈...#.#.#....#...
.....##....#..#...#..#..####...[.
.[...#.....#.##...##.##.## #..##.
...........#....s...[#...###..##.
>.....##...#≈..PSP..≈#.....#.###.
......)#...#..PPPP...#.......###.
........#..#.##.PP##.#........##.
........#..#..#...#..#.........#.
............#...≈...#.........>..
...............###...............
.................................
..............#..................
....[............#...............


You could see a wolf spider.

Vanquished Creatures
  A cane toad (Lair:1)
  Maggie (D:9)
  A troll (D:10)
  A shadow (D:10)
  14 yaks
  A vampire mosquito (D:7)
  A warg (D:10)
  Duvessa (D:6)
  2 water moccasins
  An ice beast (D:7)
  A sky beast (D:7)
  13 orc warriors
  2 ogres (D:5)
  9 wolves
  2 centaurs
  2 kobold brigands
  2 phantoms (D:5)
  2 gnoll sergeants (D:8)
  2 scorpions
  2 bullfrogs (Lair:1)
  5 wights
  Dowan (D:6)
  11 killer bees
  3 howler monkeys (D:11)
  4 hounds
  6 orc priests
  2 sleepcaps
  6 orc wizards
  Natasha (twice) (D:2)
  An iguana (D:3)
  8 gnolls
  7 adders
  A shadow imp (D:5)
  A white imp (D:5)
  2 ufetubi (D:6)
  3 ribbon worms
  A dart slug (D:2)
  32 orcs
  13 ball pythons
  2 bats
  8 endoplasms
  3 giant cockroaches
  5 goblins
  6 hobgoblins
  6 jackals
  13 kobolds
  7 quokkas
  5 frilled lizards
  A rat (D:3)
226 creatures vanquished.

Notes
Turn   | Place    | Note
-------+----------+-------------------------------------------
     0 | D:1      | Twinkles the Octopode Shapeshifter began the quest for the
                  | Orb.
     0 | D:1      | Reached XP level 1. HP: 13/13 MP: 1/1
    67 | D:1      | Reached XP level 2. HP: 18/18 MP: 2/2
   373 | D:1      | Found Zutejodgh's Jewellery Emporium.
   458 | D:1      | Reached XP level 3. HP: 17/23 MP: 3/3
   740 | D:2      | Found an ancient bone altar of Kikubaaqudgha.
  1134 | D:2      | Noticed Natasha
  1140 | D:2      | Killed Natasha
  1141 | D:2      | Reached skill level 1 in Stealth
  1141 | D:2      | Reached XP level 4. HP: 12/29 MP: 4/4
  1265 | D:2      | Noticed Natasha
  1269 | D:2      | Killed Natasha
  1313 | D:3      | Reached XP level 5. HP: 34/34 MP: 5/5
  1661 | D:3      | HP: 10/35 [something/puff of flame (6)]
  1666 | D:3      | HP: 2/35 [something (5)]
  1669 | D:3      | Reached XP level 6. HP: 4/41 MP: 6/6
  2260 | D:3      | Found a burning altar of Makhleb.
  2260 | D:3      | Noticed a blizzard demon
  2556 | D:3      | Found a glowing silver altar of Zin.
  2556 | D:3      | Found a shimmering blue altar of Sif Muna.
  2562 | D:3      | Found an iron altar of Okawaru.
  2622 | D:3      | Found a shadowy altar of Dithmenos.
  2624 | D:3      | Found a faded altar of an unknown god.
  3229 | D:5      | Entered Level 5 of the Dungeon
  3236 | D:5      | Reached XP level 7. HP: 36/46 MP: 7/7
  3560 | D:5      | Reached skill level 5 in Unarmed Combat
  3560 | D:5      | Reached XP level 8. HP: 47/54 MP: 8/8
  3849 | D:5      | Reached skill level 5 in Shapeshifting
  4236 | D:6      | Noticed a yak
  4236 | D:6      | Noticed a yak
  4292 | D:6      | Found Piung's Neck Hole.
  4297 | D:6      | Noticed Duvessa
  4314 | D:6      | Noticed Dowan
  4318 | D:6      | Killed Duvessa
  4319 | D:6      | Reached skill level 5 in Dodging
  4321 | D:6      | Killed Dowan
  4360 | D:6      | Found a staircase to the Ecumenical Temple.
  4371 | Temple   | Entered the Ecumenical Temple
  4379 | Temple   | Became a worshipper of the Wu Jian Council
  4410 | D:6      | Noticed a yak
  4810 | D:7      | Reached skill level 5 in Fighting
  4857 | D:7      | Reached XP level 9. HP: 48/61 MP: 9/9
  4947 | D:7      | Found a flagged portal.
  4956 | Bailey   | Entered a bailey
  5201 | Bailey   | Noticed an orc knight
  5590 | Bailey   | HP: 18/61 [orc warrior/+0 trident (19)]
  5761 | Bailey   | Found a large runed translucent door.
  5761 | Bailey   | Found a large runed translucent door.
  5762 | Bailey   | Noticed a deep elf pyromancer
  5763 | Bailey   | Found the +2 pair of slick slippers {slick, slippery, EV+4}
  6122 | D:7      | Noticed Jeremiah
  6852 | D:8      | Found a transporter.
  6877 | D:8      | Noticed Grum
  6976 | D:8      | Identified the ring of Xazih {rPois rC+ rN+ Str-5 Dex+4}
  6994 | D:8      | Reached * piety under Wu Jian
  7384 | D:8      | Noticed a centaur warrior
  7436 | D:8      | Reached XP level 10. HP: 53/69 MP: 10/10
  8201 | D:9      | Noticed Maggie
  8206 | D:9      | Killed Maggie
  8491 | D:9      | Reached ** piety under Wu Jian
  8618 | D:9      | Found a radiant altar of Vehumet.
  9190 | D:9      | Identified the +0 buckler "Laceit" {rPois rCorr Stlth-}
 10036 | D:10     | Entered Level 10 of the Dungeon
 10252 | D:10     | HP: 21/72 [yak (5)]
 10748 | D:10     | Found a staircase to the Orcish Mines.
 10759 | D:10     | Found a staircase to the Lair.
 10787 | D:10     | Found a runed translucent door.
 10792 | D:10     | Found a runed translucent door.
 10917 | D:10     | Reached XP level 11. HP: 65/77 MP: 11/11
 11032 | D:10     | Noticed a shock serpent
 11032 | D:10     | Noticed a sixfirhy
 11033 | D:10     | Noticed a sixfirhy
 11035 | D:10     | Noticed a spark wasp
 11036 | D:10     | Noticed a spark wasp
 11036 | D:10     | Noticed a spark wasp
 11095 | D:10     | Found a runed translucent door.
 11103 | D:10     | Found the +5 Storm Queen's Shield {shock, Fly rElec}
 11118 | D:10     | Found a runed translucent door.
 11142 | D:10     | Noticed a storm dragon
 11433 | D:11     | Reached *** piety under Wu Jian
 11442 | D:11     | Noticed a two-headed ogre
 11533 | Lair:1   | Entered Level 1 of the Lair of Beasts
 11734 | Lair:1   | Noticed a wolf spider
 11769 | D:10     | HP: 18/88 [wolf spider (17)]
 11769 | D:10     | Slain by a wolf spider

Illustrated notes

Levels and vault maps discovered:
D:1:      scummos_arrival_simple_fountains, layout_loops_cross, serial_shops,
          shop
D:2:      layout_rooms, basic_altar, uniq_natasha
D:3:      layout_loops_cross, makhleb_altar_promises_db,
          chequers_temple_overflow_minitemple, grunt_ministairs_8,
          hangedman_decor_points
D:4:      layout_rooms
D:5:      layout_basic, lemuel_flame_loot_1
D:6:      layout_cave_pools, temple_pool_b, nicolae_shop_sticking_my_neck_out,
          uniq_duvessa
D:7:      layout_gridville, enter_bailey_2, minmay_microvault, uniq_jeremiah
D:8:      layout_basic, gammafunk_ghost_gnarly_gnolls, serial_bayou_pond_c,
          nicolae_grassy_gnolls
D:9:      layout_grid_maze, vehumet_crystals, uniq_maggie
D:10:     layout_cave_pools, dpeg_oklobed_lair, david_orc_3,
          chequers_mini_garden, nicolae_guarded_unrand_storm_shield
D:11:     layout_irregular_city, pdpol_wu_jian_five_deadly_venoms
Temple:   compressed_dpeg_triangle_lava_temple
Lair:1:   layout_misc_corridors, nicolae_lair_run_with_the_wolves

Skill      XL: |  1  2  3  4  5  6  7  8  9 10 11 |
---------------+----------------------------------+-----
Fighting       | 2 3 4 5 6 8 |  8.6
Stealth        | 1 2 3 4 |  4.0
Dodging        | 3 4 5 7 |  7.5
Unarmed Combat | 4 5 6 7 8 9 |  9.1
Shapeshifting  | 4 5 6 8 9 |  9.4

Action                     |  1- 3 |  4- 6 |  7- 9 | 10-12 || total
---------------------------+-------+-------+-------+-------++-------
  Melee: Unarmed           |    85 |    62 |    57 |   246 ||   450
         Constrict         |    23 |    21 |    38 |    55 ||   137
         Tentacles         |    10 |    19 |    47 |    62 ||   138
         Dagger            |       |    32 |   107 |       ||   139
         Punch             |       |     1 |       |       ||     1
  Throw: Stone             |       |     5 |       |       ||     5
         Dart              |       |     1 |    24 |       ||    25
         Boomerang         |       |       |     3 |       ||     3
Ability: Lunge             |       |       |    31 |    28 ||    59
         Whirlwind         |       |       |       |    19 ||    19
  Evoke: Wand              |       |       |     4 |       ||     4
    Use: Potion            |       |     2 |       |       ||     2
         Scroll            |       |       |     6 |     3 ||     9
   Stab: Sleeping          |     7 |    12 |     7 |     1 ||    27
         Distracted        |     1 |       |     1 |       ||     2
 Armour: Skin              |    45 |    39 |    79 |   117 ||   280
  Dodge: Dodged            |    48 |    33 |    78 |   156 ||   315
   Form: Flux              |       |       |     1 |       ||     1
         Serpent           |       |       |       |     1 ||     1

Table legend: (Time is in decaauts)
 A = Elapsed time spent in this place.
 B = Non-inter-level travel time spent in this place.
 C = Inter-level travel time spent in this place.
 D = Time resting spent in this place.
 E = Time spent auto-exploring this place.
 F = Levels seen in this place.
 G = Mean time per level.
                   A        B        C        D        E       F      G
               +--------+--------+--------+--------+--------+-----+--------+
         Total |  11742 |  10679 |   1063 |    726 |   6823 |  14 |  838.7 |
       Dungeon |  10537 |   9488 |   1049 |    637 |   6753 |  11 |  957.9 |
        Temple |     21 |      7 |     14 |      0 |      0 |   1 |   21.0 |
          Lair |    131 |    131 |      0 |      0 |     60 |   1 |  131.0 |
        Bailey |   1052 |   1052 |      0 |     89 |     10 |   1 | 1052.0 |
               +--------+--------+--------+--------+--------+-----+--------+

Top non-repeatable levels by time:
     D:9: 1877 daAuts
     D:8: 1584 daAuts
     D:3: 1414 daAuts
    D:10: 1142 daAuts
  Bailey: 1052 daAuts
     D:5: 872 daAuts
     D:7: 850 daAuts
     D:1: 712 daAuts
     D:6: 650 daAuts
     D:2: 649 daAuts
     D:4: 609 daAuts
    D:11: 173 daAuts
  Lair:1: 131 daAuts
  Temple: 21 daAuts
